 Dungeon Crawl Stone Soup version 0.15-a0-258-g027b8cd (webtiles) character file.

66 MrRokkomies the Vexing (level 3, 0/24 HPs)
             Began as a Vampire Enchanter on Apr 27, 2014.
             Was an Initiate of Ashenzari.
             Slain by an adder (4 damage)
             ... on Level 2 of the Dungeon.
             The game lasted 00:03:29 (1345 turns).

MrRokkomies the Vexing (Vampire Enchanter)          Turns: 1345, Time: 00:03:29

HP   0/24        AC  3     Str  8      XL: 3   Next: 17%
MP   1/6         EV 12     Int 17      God: Ashenzari [......]
Gold 31          SH  0     Dex 14      Spells:  2 memorised,  3 levels left

rFire  . . .     SeeInvis +     a - +1 dagger
rCold  + . .     Clarity  .     b - +1 robe
rNeg   + + .     Conserve .     (no shield)
rPois  +         rCorr    .     (no helmet)
rElec  .         rRot     +     (no cloak)
SustAb . .       Spirit   .     (no gloves)
rMut   .         Warding  .     (no boots)
Saprov . . .     Stasis   .     (no amulet)
MR     .....                    (no ring)
                                (no ring)

@: regenerating slowly, very slightly contaminated, not resistant to hostile
enchantments, stealthy
A: fangs 3, see invisible, unbreathing
a: Bat Form, Renounce Religion


You were on level 2 of the Dungeon.
You worshipped Ashenzari.
Ashenzari was noncommittal.
You were thirsty.

You visited 1 branch of the dungeon, and saw 2 of its levels.

You collected 31 gold pieces.

Inventory:

Hand weapons
 a - a +1,+1 dagger (weapon)
Missiles
 d - 12 darts (quivered)
 l - 29 sling bullets
Armour
 b - a +1 robe (worn)
Scrolls
 j - a scroll of amnesia
 n - a scroll of identify
 o - 4 scrolls of teleportation {unknown}
Jewellery
 h - an uncursed ring of protection from cold {unknown}
Potions
 e - a potion of blood
 f - a potion of magic
 g - a potion of brilliance {unknown}
 i - a potion of agility {unknown}
 k - a potion of degeneration {unknown}
 m - a potion of curing {unknown}
Books
 c - a book of Maledictions

   Spells                             Type                      Level
   *Corona                            Hexes                        1
   Sure Blade                         Hexes/Charms                 2
   *Ensorcelled Hibernation           Hexes/Ice                    2
   Confuse                            Hexes                        3
   Dazzling Spray                     Conjuration/Hexes            3
   Enslavement                        Hexes                        4


   Skills:
 * Level 2.3 Short Blades
 - Level 0.7 Throwing
 - Level 2.1 Dodging
 - Level 3.0 Stealth
 - Level 2.0 Spellcasting
 + Level 5.5 Hexes


You had 3 spell levels left.
You knew the following spells:

 Your Spells              Type           Power        Failure   Level  Hunger
a - Corona                Hex            ###....      1%          1    #......
b - Ensorcelled Hibernat  Hex/Ice        ##....       12%         2    ###....


Dungeon Overview and Level Annotations

Branches:
Dungeon (2/15)

Altars:
Ashenzari


Innate Abilities, Weirdness & Mutations

You heal slowly.
You have razor-sharp teeth.*
You have supernaturally acute eyesight.
You can survive without breathing.*


Message History

Confirm with . or Enter, or press ? or * to list all spells.
Aiming: Ensorcelled Hibernation
Press: ? - help, Shift-Dir - straight line, f/p - adder
Aim: an adder You miscast Ensorcelled Hibernation.
You are very lightly contaminated with residual magic.
Nothing appears to happen.
The adder closely misses you. The adder closely misses you.
The adder closely misses you.
You see here a scroll of identify.
The adder closely misses you.
You closely miss the adder. The adder bites you but does no damage.
You hit the adder.
The adder is lightly wounded.
The adder bites you.
* * * LOW HITPOINT WARNING * * *
The adder bites you but does no damage.
There is an escape hatch in the ceiling here.
The adder bites you.
You die...

##...## #.# #.##.##
##..# #.# #.##.##
#..# #.# #.##.#
#..#######.# #.##.#
###..........##
#.##.#
##....#.####...###
#.#
#..#..#.###.......
...
#.###....g.........
#..#..#S##<##.###.
##...##@##.#
##.###.##.# #.#
#<##?# #.# #(##.#
####.###)##.#
.........)##.# #.#.
####.##.###.# #..#.
...#.# #.#
##.....#. .#.#.#
#.# #...##.#. #.#
#.## ##.. #⌠..#


You could see an adder.

Vanquished Creatures
  An adder (D:2)
  A ball python (D:1)
  3 bats
  3 giant cockroaches
  4 goblins
  3 hobgoblins
  4 giant newts
  3 kobolds
  4 rats (D:1)
26 creatures vanquished.

Notes
Turn   | Place    | Note
--------------------------------------------------------------
     0 | D:1      | MrRokkomies, the Vampire Enchanter, began the quest for the Orb.
     0 | D:1      | Reached XP level 1. HP: 13/13 MP: 3/3
   273 | D:1      | Reached XP level 2. HP: 13/19 MP: 4/4
   277 | D:1      | Learned a level 2 spell: Ensorcelled Hibernation
   593 | D:1      | Reached skill level 5 in Hexes
   872 | D:2      | Reached XP level 3. HP: 17/24 MP: 3/6
   969 | D:2      | Found a shattered altar of Ashenzari.
   991 | D:2      | Became a worshipper of Ashenzari the Shackled
  1345 | D:2      | Slain by an adder

Action                   || total
-------------------------++-------
Melee: Dagger            ||   110
 Cast: Ensorcelled Hiber ||     4
  Use: Scroll            ||     2
 Stab: Sleeping          ||     4
